 Dungeon Crawl Stone Soup version 0.25.0-9-g26727b657a (webtiles) character file.

Game seed: 6036880897760156110

14677 MajorAdolf the Cleaver (level 12, -18/118 HPs)
             Began as a Naga Wanderer on June 21, 2020.
             Was an Initiate of Gozag.
             Demolished by an enormous slime creature (49 damage)
             ... on level 13 of the Dungeon.
             The game lasted 00:32:37 (19101 turns).

MajorAdolf the Cleaver (Naga Wanderer)             Turns: 19101, Time: 00:32:38

Health: -18/118    AC: 12    Str: 25    XL:     12   Next: 19%
Magic:  15/15      EV:  8    Int: 15    God:    Gozag
Gold:   2496       SH:  4    Dex:  9    Spells: 15/15 levels left

rFire    . . .     SeeInvis +   c - +3 war axe (vamp)
rCold    + . .     Gourm    .   O - +0 buckler
rNeg     + . .     Faith    .   E - +2 ring mail {rN+}
rPois    +         Spirit   .   p - +1 helmet
rElec    .         Reflect  .   T - +0 cloak {rPois}
rCorr    .         Harm     .   r - +0 pair of gloves
MR       +....                  (no barding)
Stlth    ..........             R - amulet of magic regeneration
HPRegen  0.29/turn              B - +6 ring of strength
MPRegen  0.39/turn              H - ring of protection from cold

@: very slow
A: large, see invisible, deformed body, poison resistance, slowness 2, slow
metabolism 1, spit poison 1, AC +4
a: Spit Poison, Potion Petition, Call Merchant, Bribe Branch, Renounce Religion


You were on level 13 of the Dungeon.
You worshipped Gozag.
Gozag was most pleased with you.
You were not hungry.

You visited 1 branch of the dungeon, and saw 13 of its levels.
You also visited: Bailey.

You collected 2692 gold pieces.
You spent 165 gold pieces at shops.
You paid 31 gold pieces to Gozag.

Inventory:

Hand Weapons
 c - a +3 vampiric war axe (weapon)
 K - a +2 halberd of electrocution
Armour
 p - a +1 helmet (worn)
 q - a +0 cloak
 r - a +0 pair of gloves (worn)
 E - a +2 ring mail of positive energy (worn)
 O - a +0 buckler (worn)
 T - a +0 cloak of poison resistance (worn)
Jewellery
 w - an uncursed ring of resist corrosion
 B - a +6 ring of strength (left hand)
 H - a ring of protection from cold (right hand)
 R - an amulet of magic regeneration (around neck)
Wands
 h - a wand of enslavement (7)
 P - a wand of digging (8)
 S - a wand of acid (11)
Scrolls
 d - 7 scrolls of identify
 i - 2 scrolls of enchant armour
 k - 9 scrolls of remove curse
 n - a scroll of teleportation
 o - 2 scrolls of enchant weapon
 x - 2 scrolls of fog
 D - 2 scrolls of amnesia
 Q - a scroll of blinking
Potions
 b - 8 potions of curing
 e - a potion of heal wounds
 g - a potion of resistance
 j - 2 potions of degeneration {unknown}
 l - 3 potions of stabbing {unknown}
 m - 3 potions of cancellation {unknown}
 s - 7 potions of mutation {unknown}
 t - 3 potions of berserk rage
 v - a potion of ambrosia {unknown}
 z - 3 potions of brilliance {unknown}
 A - 2 potions of magic {unknown}
 F - a potion of haste {unknown}
 I - a potion of experience {unknown}
 J - 2 potions of might
 M - a potion of lignification {unknown}
Miscellaneous
 L - a lightning rod (2/4)
Comestibles
 f - 18 rations


   Skills:
 + Level 10.8 Fighting
 + Level 14.3 Axes
 - Level 1.0 Throwing
 - Level 1.0 Armour
 + Level 2.8 Shields
 - Level 2.0 Spellcasting
   Level 2.0 Ice Magic
   Level 1.3 Poison Magic
 + Level 4.9 Evocations


You had 15 spell levels left.
You didn't know any spells.
Your spell library contained the following spells:

 Spells                   Type           Power        Failure   Level  Hunger
 Magic Dart               Conj           #...         32%         1    #......
 Summon Small Mammal      Summ           #...         32%         1    #......
 Searing Ray              Conj           #.....       45%         2    ###....
 Dazzling Flash           Conj/Hex       #.....       69%         3    ###....
 Summon Guardian Golem    Hex/Summ       #.......     69%         3    ###....
 Fulminant Prism          Conj/Hex       #.........   97%         4    #####..
 Iskenderun's Mystic Bla  Conj/Tloc      #.......     97%         4    #####..


Dungeon Overview and Level Annotations

Branches:
Dungeon (13/15)            Temple (0/1) D:6            Lair (0/6) D:9
    Orc (0/2) D:12         Bailey (visited)
 Vaults: D:13-14

Altars:
Cheibriados
Dithmenos
Fedhas
Gozag
Hepliaklqana
Sif Muna
Trog
Uskayaw
Wu Jian
Xom
Yredelemnul
The Shining One

Shops:
D:4 %   D:12 [

Annotations:
D:2 1 runed translucent door, Crazy Yiuf
D:11 3 runed translucent doors, calotte's ghost, novice OpFi


Innate Abilities, Weirdness & Mutations

You cannot wear boots.
Your serpentine skin is tough. (AC +4)
You have supernaturally acute eyesight. (SInv)
Armour fits poorly on your strangely shaped body.
Your system is resistant to poisons. (rPois)
You cover ground very slowly.
You have a slow metabolism.
You can spit poison.


Message History

You slash the very large slime creature!
You feel better.
The very large slime creature is heavily wounded.
Two slime creatures merge to form an enormous slime creature.
You hit the enormous slime creature.
You feel better.
The enormous slime creature is heavily wounded.
You hit the enormous slime creature.
The enormous slime creature is heavily wounded.
The enormous slime creature hits you but does no damage.
You slash the enormous slime creature!
You feel better.
The enormous slime creature is heavily wounded.
The enormous slime creature hits you!!!
* * * LOW HITPOINT WARNING * * *
A slime creature comes into view.
You slash the enormous slime creature!
You feel better.
The enormous slime creature is severely wounded.
You hear the stately tolling of a very distant bell.
The enormous slime creature hits you!!!
You die...
Your body crumbles into a pile of gold.

$ $ ##+## ##...## .
##.....## ...
##.......##
#.J..####.........#
#.....YJ@.........+
#......##.........#
###.#.# ##.......##
# #. ##.....## #
##...## ##'## #.#
#.# ##.##


You could see an enormous slime creature, a slime creature and an ice beast.

Vanquished Creatures
  A centaur warrior (D:13)
  2 two-headed ogres
  Nergalle (D:11)
  An ugly thing (D:10)
  A deep elf mage (D:10)
  Joseph (D:8)
  A cyclops (D:11)
  Maurice (D:9)
  3 trolls
  5 slime creatures
  2 hippogriffs (D:11)
  A shadow (D:12)
  A spriggan (D:7)
  6 yaks (D:9)
  A wraith (D:11)
  4 vampire mosquitoes (D:12)
  2 wargs (D:9)
  A water moccasin (D:11)
  An acid dragon (D:11)
  6 ice beasts
  5 orc warriors
  2 necrophages
  3 sky beasts
  A black bear (D:8)
  2 phantoms
  6 ogres
  3 centaurs
  7 bullfrogs
  6 wights
  13 killer bees
  4 howler monkeys
  A centaur zombie (D:8)
  3 bullfrog zombies
  6 hounds
  2 jellies
  8 crimson imps
  A bullfrog skeleton (D:4)
  2 centaur skeletons
  9 orc priests
  7 orc wizards
  Terence (D:3)
  4 iguanas
  11 worker ants
  A hound zombie (D:10)
  A hound skeleton (D:6)
  Robin (D:2)
  A worker ant zombie (D:6)
  13 gnolls (Bailey)
  13 adders
  7 shadow imps
  4 worms
  3 dart slugs (D:1)
  6 leopard geckos
  45 orcs
  8 giant cockroaches
  14 goblins
  25 hobgoblins
  7 jackals
  4 quokkas
  A ball python (D:2)
  8 bats
  6 frilled lizards
  16 kobolds
  A quokka skeleton (D:7)
  9 rats
343 creatures vanquished.

Vanquished Creatures (collateral kills)
  A crimson imp (D:8)
1 creature vanquished.

Vanquished Creatures (others)
  An ogre (D:6)
1 creature vanquished.

Grand Total: 345 creatures vanquished

Notes
Turn   | Place    | Note
-------+----------+-------------------------------------------
     0 | D:1      | MajorAdolf the Naga Wanderer began the quest for the Orb.
     0 | D:1      | MajorAdolf set off with the following items: a +2 hand axe,
                  | a wand of random effects (15), a +0 robe, a ration; and the
                  | following spell memorised: Summon Small Mammal; and the
                  | following spells available to memorise: Summon Guardian
                  | Golem
     0 | D:1      | Reached XP level 1. HP: 18/18 MP: 3/3
   271 | D:1      | Reached skill level 2 in Axes
   271 | D:1      | Reached XP level 2. HP: 25/25 MP: 5/5
  1204 | D:1      | Reached XP level 3. HP: 31/31 MP: 6/6
  1426 | D:1      | Reached skill level 3 in Axes
  2156 | D:2      | Reached XP level 4. HP: 12/38 MP: 7/7
  2395 | D:2      | Reached skill level 4 in Axes
  2699 | D:2      | Found a shimmering altar of Xom.
  3052 | D:2      | Found a runed translucent door.
  3053 | D:2      | Noticed Crazy Yiuf
  3160 | D:2      | Noticed Robin
  3179 | D:2      | Killed Robin
  3745 | D:3      | Reached XP level 5. HP: 44/44 MP: 8/8
  4303 | D:3      | Reached skill level 5 in Axes
  4651 | D:3      | Reached XP level 6. HP: 25/51 MP: 9/9
  4892 | D:3      | Found an opulent altar of Gozag.
  4960 | D:3      | Became a worshipper of Gozag Ym Sagoz the Greedy
  5020 | D:3      | Noticed Terence
  5033 | D:3      | Killed Terence
  5033 | D:3      | Reached skill level 6 in Axes
  5939 | D:4      | Found Plog's Food Emporium.
  6282 | D:4      | Reached skill level 7 in Axes
  6282 | D:4      | Reached XP level 7. HP: 48/57 MP: 10/10
  6585 | D:4      | Found a basalt altar of Yredelemnul.
  6716 | D:5      | Entered Level 5 of the Dungeon
  7284 | D:5      | Reached skill level 8 in Axes
  7613 | D:5      | Reached XP level 8. HP: 64/67 MP: 11/11
  7700 | D:5      | Found an ornate altar of the Wu Jian Council.
  8353 | D:6      | Reached skill level 9 in Axes
  9176 | D:5      | Reached skill level 10 in Axes
  9550 | D:6      | Found a hide-covered altar of Uskayaw.
  9608 | D:6      | Found a blossoming altar of Fedhas.
  9629 | D:6      | Reached XP level 9. HP: 76/78 MP: 12/12
  9721 | D:6      | Found a glowing golden altar of the Shining One.
  9797 | D:6      | Found a staircase to the Ecumenical Temple.
 10086 | D:7      | Reached skill level 5 in Fighting
 10957 | D:7      | Found a shimmering blue altar of Sif Muna.
 11113 | D:7      | Found a snail-covered altar of Cheibriados.
 11543 | D:8      | Reached skill level 11 in Axes
 12281 | D:8      | Noticed Joseph
 12297 | D:8      | Killed Joseph
 12327 | D:8      | Reached XP level 10. HP: 15/92 MP: 13/13
 13032 | D:8      | Found a bloodstained altar of Trog.
 13249 | D:9      | Found a hazy altar of Hepliaklqana.
 13272 | D:9      | Found a shadowy altar of Dithmenos.
 13318 | D:9      | Reached skill level 12 in Axes
 13335 | D:9      | Found a staircase to the Lair.
 13397 | D:9      | Noticed a two-headed ogre
 13403 | D:9      | Killed a two-headed ogre
 13420 | D:9      | Noticed Maurice
 13441 | D:9      | Killed Maurice
 13522 | D:9      | Reached skill level 13 in Axes
 13626 | D:9      | Found a flagged portal.
 13640 | Bailey   | Entered a bailey
 13677 | Bailey   | Reached XP level 11. HP: 95/104 MP: 14/14
 14694 | D:10     | Entered Level 10 of the Dungeon
 15256 | D:10     | Noticed a deep elf mage
 15265 | D:10     | Killed a deep elf mage
 15760 | D:11     | Noticed calotte's ghost (novice OpFi)
 15760 | D:11     | Noticed a deep elf mage
 15765 | D:11     | Noticed a vampire knight
 15766 | D:11     | Noticed a manticore
 16265 | D:11     | Noticed a purple ugly thing
 16265 | D:11     | Noticed a two-headed ogre
 16278 | D:10     | Killed a purple ugly thing
 16278 | D:10     | Reached skill level 14 in Axes
 16345 | D:11     | Killed a two-headed ogre
 16345 | D:11     | Reached skill level 10 in Fighting
 16593 | D:11     | Found a runed translucent gate.
 16593 | D:11     | Found a runed translucent gate.
 16594 | D:11     | Found a runed translucent gate.
 16656 | D:11     | Noticed a cyclops
 16677 | D:11     | Killed a cyclops
 16968 | D:11     | Reached skill level 1 in Shields
 17039 | D:11     | Noticed Nergalle
 17058 | D:11     | Killed Nergalle
 17416 | D:11     | Found a shimmering altar of Xom.
 17991 | D:12     | Found a staircase to the Orcish Mines.
 18010 | D:12     | Reached XP level 12. HP: 118/118 MP: 15/15
 18189 | D:12     | Found Tealesox's Antique Armour Shoppe.
 18197 | D:12     | Bought an embroidered cloak for 165 gold pieces
 18599 | D:13     | Noticed a centaur warrior
 18983 | D:13     | Noticed a centaur warrior
 18994 | D:13     | Killed a centaur warrior
 19101 | D:13     | Demolished by an enormous slime creature

Illustrated notes

Levels and vault maps discovered:
D:1:      ebering_trefoil_twist, layout_basic, minmay_cut_off
D:2:      wad_pebble_path, layout_loops_corners, nicolae_overflow_crystal_walls,
          minmay_misc_feat_cross, uniq_robin, uniq_crazy_yiuf_cottage
D:3:      layout_loops_ring, nrook_campfire, minmay_misc_feat_more_columns,
          nicolae_gozag_cash_rules_everything_around_me, uniq_terence
D:4:      layout_basic, overflow_temple_1_default, serial_shops,
          nicolae_shop_window_shopping
D:5:      layout_cave_pods, kennysheep_mini_moat, first_ration
D:6:      layout_loops_ring, lemuel_doored_altar, lemuel_round_altar,
          minmay_temple_entry_wispy, basic_altar
D:7:      layout_loops_corners, led_sif_pool, lemuel_coloured_pillars_altar,
          the_bakery
D:8:      layout_rooms, trog_butcher_becter, uniq_joseph
D:9:      layout_gridville, lemuel_round_altar, old_standard_altar,
          erik_lair_orcish_takeover, enter_bailey_2, uniq_maurice
D:10:     layout_cave_pods, serial_park, serial_park_paths
          [serial_park_minivault_5x5_5], serial_park_square2, serial_park_gazebo
          [serial_park_minivault_5x5_8], eino_jars
D:11:     layout_cave_pools, gammafunk_ghost_split, hex_large, tgw_xom,
          uniq_nergalle
D:12:     layout_cave_pools, erik_orc_3, serial_shops, shop_statue
D:13:     layout_loops_corners, david_vaults_5, serial_shops, bzr_entry_water

Skill      XL: |  1  2  3  4  5  6  7  8  9 10 11 |
---------------+----------------------------------+-----
Axes           | 2 3 4 5 7 8 10 11 13 14 | 14.3
Fighting       | 4 6 8 10 | 10.8
Evocations     | 2 3 4 |  4.9
Shields        | 2 |  2.8
Throwing       | |  1.0
Armour         | |  1.0
Spellcasting   | |  2.0
Ice Magic      | |  2.0
Poison Magic   | |  1.3

Action                   |  1- 3 |  4- 6 |  7- 9 | 10-12 || total
-------------------------+-------+-------+-------+-------++-------
Melee: Hand axe          |    98 |   248 |   554 |    16 ||   916
       War axe           |       |       |       |   587 ||   587
 Abil: Spit Poison       |     8 |    14 |     3 |     1 ||    26
Evoke: Wand              |       |    12 |    12 |     4 ||    28
       Lightning rod     |       |       |       |     4 ||     4
  Use: Scroll            |       |     6 |     3 |     9 ||    18
       Potion            |       |       |       |     6 ||     6
 Stab: Distracted        |       |       |       |     4 ||     4
  Eat: Chunk             |     3 |     8 |       |     1 ||    12
       Ration            |       |     1 |     5 |     5 ||    11
Armor: Robe              |    21 |    43 |       |       ||    64
       Scale mail        |       |    44 |   264 |       ||   308
       Ring mail         |       |       |       |   311 ||   311
Dodge: Dodged            |    69 |   122 |   159 |   289 ||   639
Block: Buckler           |       |       |       |    25 ||    25
